 Dungeon Crawl Stone Soup version 0.28-a0-664-gc179e30c89 (webtiles) character file.

Game seed: 2582699416573346816

1623 Johnny the Carver (level 9, -2/72 HPs)
             Began as a Human Berserker on Oct 16, 2021.
             Was a Priest of Trog.
             Slain by an iguana (11 damage)
             ... on level 6 of the Dungeon.
             The game lasted 00:05:19 (6508 turns).

Johnny the Carver (Human Berserker)                 Turns: 6508, Time: 00:05:20

Health: -2/72      AC:  6    Str: 20    XL:     9   Next: 17%
Magic:  9/9        EV: 11    Int:  7    God:    Trog [***...]
Gold:   374        SH:  0    Dex: 14    Spells: 8/8 levels left

rFire   . . .      SeeInvis .   a - +0 falchion
rCold   . . .      Faith    .   (no shield)
rNeg    . . .      Spirit   .   p - +0 ring mail
rPois   .          Reflect  .   j - +0 helmet
rElec   .          Harm     .   (no cloak)
rCorr   .          Rampage  .   (no gloves)
Will    .....                   (no boots)
Stlth   +.........              (no amulet)
HPRegen 0.22/turn               i - ring of flight
MPRegen 0.11/turn               (no ring)

@: on berserk cooldown, flying
A: mutation resistance 1, screaming 1
a: Renounce Religion, Berserk, Trog's Hand


You were on level 6 of the Dungeon.
You worshipped Trog.
Trog was most pleased with you.
You visited 1 branch of the dungeon, and saw 8 of its levels.

You collected 374 gold pieces.

Inventory:

Hand Weapons
 a - a +0 falchion (weapon)
Armour
 b - a +0 animal skin
 j - a +0 helmet (worn)
 p - a +0 ring mail (worn)
Jewellery
 i - a ring of flight (left hand)
Scrolls
 c - a scroll of identify
 d - 4 scrolls of noise
 e - 2 scrolls of vulnerability
 g - a scroll of holy word
 h - a scroll of torment
 l - a scroll of fog
 o - a scroll of blinking
Potions
 f - 2 potions of mutation
 n - a potion of cancellation
 q - a potion of berserk rage


   Skills:
 + Level 7.0 Fighting
 * Level 9.5 Long Blades
 - Level 2.0 Armour
 - Level 2.0 Dodging


You had 8 spell levels left.
You didn't know any spells.
Your spell library was empty.

Dungeon Overview and Level Annotations

Branches:
Dungeon (8/15)             Temple (0/1) D:4
   Lair: D:8-11

Altars:
Hepliaklqana
Yredelemnul

Shops:
D:4 :


Innate Abilities, Weirdness & Mutations

You are somewhat resistant to further mutation.
You occasionally shout uncontrollably at your foes.


Message History

You barely miss the iguana. The iguana bites you.
You hit the iguana.
The iguana is lightly wounded.
The iguana closely misses you.
You hit the iguana.
The iguana is moderately wounded.
The iguana bites you. x2
You hit the iguana but do no damage.
The iguana is moderately wounded.
The iguana bites you but does no damage.
You closely miss the iguana.
The iguana is lightly wounded.
The iguana closely misses you.
You hit the iguana.
The iguana is moderately wounded.
The iguana barely misses you.
You hit the iguana but do no damage.
The iguana is moderately wounded.
The iguana bites you.
* * * LOW HITPOINT WARNING * * *
The iguana bites you but does no damage.
You hit the iguana.
The iguana is heavily wounded.
You feel yourself speed up. The iguana bites you.
* * * LOW HITPOINT WARNING * * *
You completely miss the iguana.
The iguana is heavily wounded.
The iguana misses you.
You hit the iguana but do no damage.
The iguana is heavily wounded.
You're still recovering from your berserk rage.
You slash the iguana!
The iguana is almost dead.
The iguana bites you!
* * * LOW HITPOINT WARNING * * *
You hit the iguana but do no damage.
The iguana is almost dead.
The iguana bites you!
You die...

..... ###..######
...... ##...#.....##
.....##...#.......##
#.....#.........#
###.###.....)...##
#..###.........#
##.###.........##
#...##.........#
#@.............###
#l#####..........#
..# ##.....†....
.... ###......##
..... ####...#
....... #####
........ #.........


You could see an iguana.

Vanquished Creatures
  Sigmund (D:2)
  A water moccasin (D:5)
  A black bear (D:5)
  A necrophage (D:4)
  An ogre (D:6)
  A centaur (D:6)
  Blork the orc (D:6)
  A water moccasin zombie (D:5)
  A water moccasin skeleton (D:7)
  3 wights (D:7)
  A bullfrog zombie (D:5)
  A centaur zombie (D:7)
  9 hounds
  3 jellies
  An orc priest (D:5)
  2 iguanas
  An orc wizard (D:5)
  A hound zombie (D:5)
  3 gnolls
  4 adders
  A shadow imp (D:6)
  2 ufetubi
  A worm (D:3)
  4 dart slugs
  8 orcs
  4 endoplasms
  3 giant cockroaches
  8 goblins
  10 hobgoblins
  4 quokkas
  8 ball pythons
  8 bats
  4 frilled lizards
  6 kobolds
  6 rats
  A spectral hobgoblin (D:5)
116 creatures vanquished.

Notes
Turn   | Place    | Note
-------+----------+-------------------------------------------
     0 | D:1      | Johnny the Human Berserker began the quest for the Orb.
     0 | D:1      | Reached XP level 1. HP: 18/18 MP: 1/1
   202 | D:1      | Reached XP level 2. HP: 24/24 MP: 2/2
   613 | D:1      | Reached XP level 3. HP: 21/29 MP: 3/3
   881 | D:1      | Found a faded altar of an unknown god.
   997 | D:1      | Reached ** piety under Trog
  1001 | D:1      | Reached skill level 4 in Long Blades
  1471 | D:2      | Noticed Sigmund
  1480 | D:2      | Killed Sigmund
  1481 | D:2      | Reached skill level 5 in Long Blades
  1481 | D:2      | Reached XP level 4. HP: 38/38 MP: 4/4
  1481 | D:2      | Reached XP level 5. HP: 43/43 MP: 5/5
  1481 | D:2      | Reached XP level 6. HP: 49/49 MP: 6/6
  2589 | D:3      | Found a basalt altar of Yredelemnul.
  3481 | D:4      | Found Jaemaad's Book Shop.
  3506 | D:4      | Reached skill level 6 in Long Blades
  3554 | D:4      | Found a staircase to the Ecumenical Temple.
  3562 | D:4      | Noticed a necrophage
  3572 | D:4      | Killed a necrophage
  3573 | D:4      | Reached XP level 7. HP: 53/55 MP: 7/7
  3797 | D:4      | Reached skill level 5 in Fighting
  3998 | D:5      | Entered Level 5 of the Dungeon
  4006 | D:5      | HP: 2/56 [acid (5)]
  4007 | D:5      | Gained mutation: You occasionally shout uncontrollably at
                  | your foes. [potion of mutation]
  4007 | D:5      | Gained mutation: You are somewhat resistant to further
                  | mutation. [potion of mutation]
  4356 | D:5      | Noticed a water moccasin
  4373 | D:5      | Killed a water moccasin
  4374 | D:5      | Reached skill level 7 in Long Blades
  4870 | D:5      | Reached *** piety under Trog
  5014 | D:5      | Found a hazy altar of Hepliaklqana.
  5061 | D:5      | Reached XP level 8. HP: 47/63 MP: 8/8
  5609 | D:5      | Reached skill level 8 in Long Blades
  6343 | D:7      | Reached skill level 9 in Long Blades
  6393 | D:6      | Reached XP level 9. HP: 65/67 MP: 9/9
  6418 | D:6      | Noticed Blork the orc
  6432 | D:6      | Killed Blork the orc
  6508 | D:6      | Slain by an iguana

Illustrated notes

Levels and vault maps discovered:
D:1:      minmay_arrival_diagonal_passages, layout_loops_corners, serial_glass,
          glass_columns_c, glass_columns_a, glass_columns_a, glass_columns_c,
          glass_columns_c, glass_columns_c, glass_columns_b, glass_columns_b,
          ebering_ecumenical_altar_webs, minmay_hexomino_u4
D:2:      layout_rooms, uniq_sigmund
D:3:      layout_basic, old_standard_altar
D:4:      layout_cave_pools, minmay_temple_entry_offerings, serial_shops, shop,
          minmay_crossroads
D:5:      layout_loops_ring, nicolae_hepliaklqana_monster_ancestors
D:6:      lemuel_castle_with_subvaults [lemuel_castle_interior_original],
          layout_cave_pods, enter_ossuary_3, kennysheep_generic_room_10,
          uniq_blork_the_orc
D:7:      layout_loops_ring, serial_shops, nicolae_lakefront_shop,
          gammafunk_ghost_abyssal_escape, minmay_crystal_room,
          amcnicky_mini_corridor_feature
D:8:      layout_basic, tso_altar, minmay_mini_ossuary, uniq_joseph

Skill      XL: |  1  2  3  4  5  6  7  8  9 |
---------------+----------------------------+-----
Long Blades    | 5 6 7 9 |  9.5
Fighting       | 4 5 6 7 |  7.0
Armour         | |  2.0
Dodging        | |  2.0

Action                   |  1- 3 |  4- 6 |  7- 9 || total
-------------------------+-------+-------+-------++-------
Melee: Falchion          |    95 |   138 |   230 ||   463
Invok: Berserk           |     1 |     2 |    11 ||    14
       Trog's Hand       |     1 |       |     7 ||     8
  Use: Potion            |       |       |     7 ||     7
       Scroll            |       |       |     9 ||     9
 Stab: Sleeping          |     1 |       |     1 ||     2
       Distracted        |     1 |       |       ||     1
Armor: Animal skin       |    13 |    17 |     6 ||    36
       Skin              |       |       |    38 ||    38
       Ring mail         |       |       |    43 ||    43
Dodge: Dodged            |    64 |    98 |   181 ||   343

Table legend: (Time is in decaauts)
 A = Elapsed time spent in this place.
 B = Non-inter-level travel time spent in this place.
 C = Inter-level travel time spent in this place.
 D = Time resting spent in this place.
 E = Time spent auto-exploring this place.
 F = Levels seen in this place.
 G = Mean time per level.
                   A        B        C        D        E       F      G
               +--------+--------+--------+--------+--------+-----+--------+
         Total |   6626 |   6517 |    109 |   1214 |   4322 |   8 |  828.2 |
       Dungeon |   6626 |   6517 |    109 |   1214 |   4322 |   8 |  828.2 |
               +--------+--------+--------+--------+--------+-----+--------+

Top non-repeatable levels by time:
     D:5: 1996 daAuts
     D:1: 1394 daAuts
     D:3: 1004 daAuts
     D:2: 968 daAuts
     D:4: 672 daAuts
     D:6: 276 daAuts
     D:8: 195 daAuts
     D:7: 119 daAuts
